 Dungeon Crawl Stone Soup version 0.24.1-14-gf8d2b509d9 (webtiles) character file.

Game seed: 12761832623174571059, levelgen mode: deterministic

761113 graymark the Slayer (level 27, -10/235 HPs)
             Began as a Demonspawn Gladiator on Jan 16, 2020.
             Was the Champion of Cheibriados.
             Killed from afar by a Brimstone Fiend (40 damage)
             ... with damnation
             ... in Pandemonium on Oct 25, 2020.
             The game lasted 07:18:07 (67252 turns).

graymark the Slayer (Demonspawn Gladiator)         Turns: 67252, Time: 07:18:08

Health: -10/235    AC: 33    Str: 32      XL:     27
Magic:  35/35      EV: 38    Int: 21 (22) God:    Cheibriados [******]
Gold:   2839       SH: 23    Dex: 37 (38) Spells: 45/50 levels left

rFire    + + .     SeeInvis .   k - +7 broad axe "Uluapirch" {freeze, rPois MR+ Dex+5}
rCold    + . .     Gourm    .   Z - +0 shield
rNeg     + + .     Faith    .   I - +10 plate armour {rF+}
rPois    +         Spirit   .   r - +2 helmet
rElec    +         Reflect  +   G - +1 cloak of Starlight {rElec rC+ EV+4 Stlth--}
rCorr    .         Harm     .   W - +2 pair of gloves
MR       +++..     Rnd*Rage +   (boots unavailable)
Stlth    ..........             c - +4 amulet of reflection
HPRegen  0.00/turn              T - ring of positive energy
MPRegen  0.24/turn              v - ring of positive energy

@: berserk cooldown, slowed, repel missiles, very slow
A: talons 3, repulsion field 3, berserk 2, blurry vision 3, clumsy 1, deformed
body, deterioration 2, dopey 2, fire resistance 1, hurl damnation, foul stench
2, low mp 1, screaming 2, inhibited regeneration, spiny 3, weak 2, no potion
heal 1, rot immunity, flame cloud immunity
}: 6/15 runes: decaying, serpentine, silver, demonic, glowing, dark
a: Hurl Damnation, Bend Time, Temporal Distortion, Slouch, Step From Time,
Renounce Religion


You were in Pandemonium.
You worshipped Cheibriados.
Cheibriados was exalted by your worship.
You were not hungry.

You visited 9 branches of the dungeon, and saw 47 of its levels.
You visited Pandemonium 1 time, and saw 14 of its levels.
You visited the Abyss 1 time.
You visited 1 bazaar.
You also visited: Sewer.

You collected 7662 gold pieces.
You spent 4823 gold pieces at shops.

Inventory:

Hand Weapons
 k - the +7 broad axe "Uluapirch" (weapon) {freeze, rPois MR+ Dex+5}
   (You found it on level 2 of the Swamp)

   It has been specially enchanted to freeze those struck by it, causing extra
   injury to most foes and up to half again as much damage against particularly
   susceptible opponents.
   It can also slow down cold-blooded creatures.
   It affects your dexterity (+5).
   It protects you from poison.
   It affects your resistance to hostile enchantments.
 s - the +7 lajatang of Order {silver, rMut}
   (You found it on level 2 of the Vaults)

   It protects you from mutation.
 y - the +6 morningstar of the Skies Above {flame, Dex+3}
   (You took it off a deep elf elementalist on level 3 of the Elven Halls)

   It has been specially enchanted to burn those struck by it, causing extra
   injury to most foes and up to half again as much damage against particularly
   susceptible opponents.
   It affects your dexterity (+3).
 A - the +6 broad axe of Indomitability {venom, rElec Str+8 Int+4 Dex-4}
   (You found it on level 13 of the Dungeon)

   It poisons the flesh of those it strikes.
   It affects your strength (+8).
   It affects your intelligence (+4).
   It affects your dexterity (-4).
   It insulates you from electricity.
 S - the +9 morningstar of Causality {crush, rElec rF+++ rC++ Str-3}
   (You found it on level 5 of the Depths)

   It inflicts extra damage upon your enemies.
   It affects your strength (-3).
   It renders you almost immune to fire.
   It greatly protects you from cold.
   It insulates you from electricity.
 X - a +5 antimagic broad axe
Armour
 r - a +2 helmet (worn)
 G - the +1 cloak of Starlight (worn) {rElec rC+ EV+4 Stlth--}
   (You bought it in a shop on level 2 of the Orcish Mines)

   It affects your evasion (+4).
   It protects you from cold.
   It insulates you from electricity.
   It makes you much less stealthy.
 I - a +10 plate armour of fire resistance (worn)
 V - a +1 large shield
 W - a +2 pair of gloves (worn)
 Y - a +5 plate armour of magic resistance
 Z - a +0 shield (worn)
Jewellery
 c - a +4 amulet of reflection (around neck)
 v - a ring of positive energy (right hand)
 R - the amulet "Xatyrois" {Acrobat rPois rF- Slay+5 Stlth-}
   (You acquired it on level 5 of the Vaults)

   [amulet of the acrobat]

   It helps you evade while moving and waiting.
   It affects your accuracy and damage with ranged weapons and melee attacks
   (+5).
   It makes you vulnerable to fire.
   It protects you from poison.
   It makes you less stealthy.
 T - a ring of positive energy (left hand)
Wands
 g - a wand of acid (11)
 j - a wand of digging (36)
 p - a wand of iceblast (77)
 K - a wand of scattershot (13)
 N - a wand of clouds (10)
Scrolls
 a - 2 scrolls of vulnerability
 d - 2 scrolls of magic mapping
 m - 10 scrolls of teleportation
 n - 29 scrolls of remove curse
 o - 9 scrolls of blinking
 q - 6 scrolls of immolation
 z - 13 scrolls of amnesia
 C - 7 scrolls of fog
 D - 2 scrolls of silence
 F - 7 scrolls of fear
 L - 3 scrolls of torment
 Q - 19 scrolls of identify
 U - 4 scrolls of summoning
Potions
 b - 8 potions of invisibility
 e - 13 potions of curing
 h - 10 potions of lignification
 l - 11 potions of flight
 t - 12 potions of heal wounds
 u - 6 potions of mutation
 w - 9 potions of brilliance
 x - 8 potions of might
 B - 4 potions of cancellation
 J - 7 potions of resistance
 M - 4 potions of ambrosia
 O - 8 potions of magic
 P - 11 potions of agility
Miscellaneous
 i - a lightning rod (4/4)
 E - a phial of floods
 H - 2 phantom mirrors
Comestibles
 f - 63 rations (quivered)


   Skills:
 - Level 23.0 Fighting
 - Level 20.4 Axes
 - Level 11.8 Staves
 - Level 1.7 Throwing
 - Level 18.1 Armour
 - Level 19.0 Dodging
 + Level 18.4 Shields
 + Level 12.4 Spellcasting
 - Level 13.0 Invocations
 + Level 13.4 Evocations


You had 45 spell levels left.
You knew the following spells:

 Your Spells              Type           Power        Failure   Level  Hunger
a - Song of Slaying       Chrm           ##......     30%         2    None
b - Regeneration          Chrm/Necr      ##........   52%         3    None

Your spell library contained the following spells:

 Spells                   Type           Power        Failure   Level  Hunger
 Animate Skeleton         Necr           N/A          21%         1    None
 Apportation              Tloc           ##....       21%         1    None
 Confusing Touch          Hex            ##....       21%         1    None
 Corona                   Hex            ##.....      21%         1    None
 Flame Tongue             Conj/Fire      ##...        21%         1    None
 Freeze                   Ice            ##..         21%         1    None
 Infusion                 Chrm           ##..         21%         1    None
 Magic Dart               Conj           ##..         21%         1    None
 Pain                     Necr           ##..         21%         1    None
 Sandblast                Erth           ##....       21%         1    None
 Summon Butterflies       Summ           ##......     21%         1    None
 Summon Small Mammal      Summ           ##..         21%         1    None
 Blink                    Tloc           N/A          30%         2    None
 Call Imp                 Summ           ##......     30%         2    None
 Corpse Rot               Necr           N/A          30%         2    None
 Poisonous Vapours        Pois/Air       ##....       30%         2    None
 Searing Ray              Conj           ##....       30%         2    None
 Shroud of Golubria       Chrm/Tloc      ##....       30%         2    None
 Slow                     Hex            ##......     30%         2    None
 Sublimation of Blood     Necr           ##........   30%         2    None
 Throw Flame              Conj/Fire      ##....       30%         2    None
 Throw Frost              Conj/Ice       ##....       30%         2    None
 Call Canine Familiar     Summ           ##......     52%         3    None
 Confuse                  Hex            ##......     52%         3    None
 Conjure Flame            Conj/Fire      ##......     52%         3    None
 Dazzling Spray           Conj/Hex       ##....       52%         3    None
 Gell's Gravitas          Tloc           ##........   52%         3    None
 Ignite Poison            Fire/Tmut/Pois ##......     52%         3    None
 Inner Flame              Hex/Fire       ##......     52%         3    None
 Lesser Beckoning         Tloc           ##........   52%         3    None
 Mephitic Cloud           Conj/Pois/Air  ##......     52%         3    None
 Ozocubu's Armour         Chrm/Ice       ##......     52%         3    None
 Portal Projectile        Hex/Tloc       ##....       52%         3    None
 Spectral Weapon          Hex/Chrm       ##......     52%         3    None
 Stone Arrow              Conj/Erth      ##....       52%         3    None
 Summon Guardian Golem    Hex/Summ       ##......     52%         3    None
 Teleport Other           Tloc           ##......     52%         3    None
 Tukima's Dance           Hex            ##......     52%         3    None
 Vampiric Draining        Necr           ##........   52%         3    None
 Animate Dead             Necr           N/A          90%         4    None
 Cause Fear               Hex            ##........   90%         4    None
 Force Lance              Conj/Tloc      ##......     90%         4    None
 Fulminant Prism          Conj/Hex       ##........   90%         4    None
 Ice Form                 Ice/Tmut       ##......     90%         4    None
 Iskenderun's Mystic Bla  Conj           ##......     90%         4    None
 Leda's Liquefaction      Hex/Erth       ##........   90%         4    None
 Petrify                  Tmut/Erth      ##......     90%         4    None
 Sticky Flame             Conj/Fire      ##......     90%         4    None
 Summon Ice Beast         Ice/Summ       ##......     90%         4    None
 Summon Lightning Spire   Summ/Air       ##......     90%         4    None
 Throw Icicle             Conj/Ice       ##......     90%         4    None
 Agony                    Necr           ##......     99%         5    ####...
 Alistair's Intoxication  Tmut/Pois      ##......     99%         5    ####...
 Bolt of Draining         Conj/Necr      ##........   99%         5    ####...
 Bolt of Magma            Conj/Fire/Erth ##........   99%         5    ####...
 Dispel Undead            Necr           ##......     99%         5    ####...
 Excruciating Wounds      Chrm/Necr      ##........   99%         5    ####...
 Fireball                 Conj/Fire      ##........   99%         5    ####...
 Irradiate                Conj/Tmut      ##........   99%         5    ####...
 Lee's Rapid Deconstruct  Erth           ##........   99%         5    ####...
 Metabolic Englaciation   Hex/Ice        ##........   99%         5    ####...
 Summon Forest            Summ/Tloc      ##........   99%         5    ####...
 Summon Mana Viper        Hex/Summ       ##......     99%         5    ####...
 Yara's Violent Unravell  Hex/Tmut       ##........   99%         5    ####...
 Bolt of Cold             Conj/Ice       ##........   100%        6    #####..
 Bolt of Fire             Conj/Fire      ##........   100%        6    #####..
 Dispersal                Tloc           ##........   100%        6    #####..
 Freezing Cloud           Conj/Ice/Air   ##........   100%        6    #####..
 Hydra Form               Tmut           ##........   100%        6    #####..
 Invisibility             Hex            ##......     100%        6    #####..
 Iron Shot                Conj/Erth      ##........   100%        6    #####..
 Ozocubu's Refrigeration  Ice            ##........   100%        6    #####..
 Simulacrum               Ice/Necr       ##........   100%        6    #####..
 Statue Form              Tmut/Erth      ##.......    100%        6    #####..
 Dragon Form              Tmut           ##........   100%        7    #######
 Ring of Flames           Chrm/Fire      ##........   100%        7    #######
 Spellforged Servitor     Conj/Summ      ##........   100%        7    #######
 Summon Hydra             Summ           ##........   100%        7    #######
 Ignition                 Fire           ##........   100%        8    #######
 Shatter                  Erth           ##........   100%        9    #######


Dungeon Overview and Level Annotations

Branches:
Dungeon (15/15)            Temple (0/1) D:4            Lair (6/6) D:10
  Swamp (4/4) Lair:4        Snake (4/4) Lair:2        Slime (0/5) Lair:5
    Orc (2/2) D:10            Elf (3/3) Orc:2        Vaults (5/5) D:13
  Crypt (3/3) Vaults:3       Tomb (0/3) Crypt:3      Depths (5/5) D:15
    Zot (0/5) Depths:5      Sewer (visited)

Altars:
Ashenzari
Cheibriados
Elyvilon
Fedhas
Gozag
Kikubaaqudgha
Makhleb
Ru
Sif Muna
Trog
Vehumet
Xom
Yredelemnul
Beogh

Shops:
D:8 }   D:9 [   D:13 !(   D:14 ?   D:15 :   Orc:2 (=[**   Elf:1 }
Snake:2 =}}*   Vaults:2 =[%*   Vaults:4 (?   Depths:3 !

Portals:
Hell: Depths:1 Depths:2 Depths:3 Depths:4 Depths:5
Abyss: Depths:4
Pandemonium: Depths:1 Depths:3
Ziggurat: Depths:1

Annotations:
Lair:2 exclusion: downstairs
Lair:3 exclusion: oklob plant
Swamp:4 3 runed translucent doors, Flugslaktarn's ghost, journeyman MiMo
Snake:4 1 runed translucent door, mortelune's ghost, adept GrFE
Elf:2 3 runed translucent doors
Depths:2 2 transporters, exclusion: downstairs, Kyseoqev's ghost, adept TrMo
Pan Cerebov


Innate Abilities, Weirdness & Mutations

You have claws for feet.
You are surrounded by a strong repulsion field. (EV +4, RMsl)
Your flesh is heat resistant. (rF+)
You can hurl damnation.
You frequently emit foul miasma when damaged in melee.
You are completely covered in sharp spines.
You are immune to rotting.
You are immune to clouds of flame.
You often lose your temper in combat.
Scrolls take you much longer to read.
You are clumsy. (Dex -2)
Armour fits poorly on your strangely shaped body.
Your body often deteriorates upon taking damage.
You are very dopey. (Int -4)
Your magical capacity is low. (-10% MP)
You sometimes yell uncontrollably at your foes.
You do not regenerate when monsters are visible.
You are very weak. (Str -4)
Potions are less effective at restoring your health.


Message History

The Brimstone Fiend completely misses you.
The Brimstone Fiend hits you.
* * * LOW HITPOINT WARNING * * *
You slash the Brimstone Fiend! You freeze the Brimstone Fiend.
You claw the Brimstone Fiend.
The Brimstone Fiend is severely wounded.
The Brimstone Fiend hits you but does no damage.
The Brimstone Fiend closely misses you. The Brimstone Fiend barely misses you.
You hit the Brimstone Fiend but do no damage.
You claw the Brimstone Fiend.
The Brimstone Fiend is severely wounded.
The Brimstone Fiend is struck by your spines.
The Brimstone Fiend misses you. You block the Brimstone Fiend's attack.
The Brimstone Fiend closely misses you.
You hit the Brimstone Fiend. You freeze the Brimstone Fiend.
You claw the Brimstone Fiend.
The Brimstone Fiend is almost dead.
The Brimstone Fiend gestures at you.
The sphere of damnation explodes!
The damnation engulfs you!!!
You die...

#.# #.#####
#.....##
#......##
#.......##
#........##
#...[.....#
#.(.........#
#..@1.......#
#...........#
#.............
##############


You could see a Brimstone Fiend.

Vanquished Creatures
  Gloorx Vloq (Pan)
  Mnoleg (Pan)
  3 pandemonium lords (Pan)
  3 ancient liches (Vaults:5)
  Mara (Vaults:4)
  A juggernaut (Depths:3)
  The ghost of hyperkahler the Slayer, a veteran MiFi of Cheibriados (Vaults:1)
  Sojobo (Crypt:2)
  Frederick (Vaults:3)
  the Lernaean hydra (Swamp:4)
  Bai Suzhen (Crypt:3)
  2 curse toes (Crypt:3)
  Xtahua (Depths:3)
  4 golden dragons
  Nikola (Swamp:1)
  A Brimstone Fiend (Pan)
  A Tzitzimitl (Pan)
  4 Hell Sentinels (Pan)
  Jorgrun (Orc:1)
  An Ice Fiend (Pan)
  Asterion (Elf:1)
  3 liches
  10 tentacled monstrosities
  Rupert (Lair:6)
  3 titans (Vaults:5)
  A deep elf master archer (Elf:3)
  2 quicksilver dragons
  Gastronok (D:11)
  A tentacled starspawn (Abyss:4)
  10 ancient champions
  38 Executioners (Pan)
  9 sphinxes
  6 tengu reavers
  2 thorn hunters
  4 shadow dragons
  Donald (Swamp:4)
  Roxanne (Swamp:1)
  4 revenants
  The ghost of OceanMan the Blocker, a journeyman MiFi of Trog (D:13)
  12 fire giants
  5 storm dragons
  9 nagarajas
  20 vault wardens
  3 daevas (Pan)
  Aizul (Vaults:3)
  2 iron dragons
  9 deep elf sorcerers
  A draconian monk (Depths:5)
  15 frost giants
  3 ghost moths (Pan)
  17 balrugs
  2 draconian scorchers (Depths:5)
  24 cacodemons (Pan)
  2 draconian shifters (Depths:5)
  5 curse skulls
  3 draconian stormcallers (Depths:5)
  A juggernaut zombie (D:15)
  An orc warlord (Orc:1)
  4 warmongers (Pan)
  3 deep elf elementalists
  4 spriggan defenders
  2 angels (Pan)
  A juggernaut skeleton (Crypt:3)
  14 ghouls
  2 draconian annihilators (Depths:5)
  11 stone giants
  3 reapers
  2 blood saints (Pan)
  11 ironheart preservers
  A war gargoyle (Depths:5)
  7 corrupters (Pan)
  7 black suns (Pan)
  8 vampire knights
  27 very ugly things
  An ophan (Pan)
  An entropy weaver (Vaults:2)
  Nessos (D:12)
  4 red draconians (Depths:5)
  2 spark wasps (Depths:3)
  2 yellow draconians (Depths:5)
  2 black draconians (Depths:5)
  2 white draconians (Depths:5)
  6 deep elf demonologists
  11 lorocyprocas (Pan)
  4 purple draconians (Depths:5)
  17 deep elf annihilators
  2 eidola
  Snorg (D:13)
  The ghost of Qucvyi Areg the Grappler, a journeyman DrTm of Yredelemnul (Lair:2)
  14 ettins
  7 deep elf death magi
  13 blizzard demons
  2 mummy priests (Crypt:3)
  15 jiangshi
  A merfolk javelineer (Depths:2)
  3 green deaths (Pan)
  17 yaktaur captains
  11 great orbs of eyes
  11 fire dragons
  9 deep elf high priests
  8 ogre magi
  4 hell beasts (Pan)
  39 vault guards
  32 hydras
  16 ice dragons
  3 quicksilver dragon skeletons
  12 rakshasas
  6 monstrous demonspawn (Pan)
  19 naga warriors
  A catoblepas (Lair:3)
  A spectral frost giant (Vaults:1)
  4 spriggan air magi (Depths:4)
  2 shambling mangroves
  20 anacondas
  Erica (D:11)
  22 alligators
  A ghost crab (Swamp:2)
  9 centaur warriors
  A spectral fire giant (Vaults:1)
  39 two-headed ogres
  16 dancing weapons
  6 death knights
  9 deep troll shamans
  8 deep troll earth magi
  6 death yaks
  3 tengu warriors
  43 soul eaters
  5 titan zombies
  10 shock serpents
  3 hell hogs (Abyss:5)
  7 vampire magi
  10 naga sharpshooters
  Urug (Lair:5)
  2 spriggan berserkers
  5 thrashing horrors
  A spectral elf (Vaults:1)
  2 titan skeletons (Pan)
  5 deep elf knights
  A fire crab (shapeshifter) (Vaults:3)
  Sonja (Lair:6)
  A wretched star (Abyss:3)
  A spectral human (Vaults:1)
  26 sun demons
  25 skeletal warriors
  2 storm dragon skeletons
  6 iron trolls
  5 hell knights
  23 sixfirhies (Pan)
  A death drake (shapeshifter) (Abyss:4)
  2 cherubim (Pan)
  4 unseen horrors
  17 deep trolls
  12 shadow wraiths
  3 quicksilver dragon simulacra
  3 infernal demonspawn (Pan)
  2 gelid demonspawn (Pan)
  2 glowing orange brains
  10 torturous demonspawn
  A spectral yaktaur (Vaults:1)
  3 shadow demons (Pan)
  11 swamp dragons
  5 flayed ghosts
  19 ironbrand convokers
  An anaconda skeleton (Pan)
  A golden dragon skeleton (Pan)
  9 naga ritualists
  13 phantasmal warriors
  15 orc knights
  A lindwurm (Lair:6)
  11 deep elf archers
  A wolf spider zombie (D:12)
  8 necromancers
  4 wizards
  52 ugly things
  13 mana vipers
  4 orc sorcerers
  3 manticores
  50 deep elf magi
  A wolf spider (Vaults:3)
  2 shining eyes
  5 cyclopes
  2 iron dragon skeletons
  A moth of wrath (shapeshifter) (Vaults:4)
  2 shadow dragon skeletons (Pan)
  10 salamanders
  Maurice (Orc:1)
  9 rust devils
  A salamander (shapeshifter) (Vaults:3)
  A frost giant skeleton (Crypt:1)
  A sphinx skeleton (Crypt:2)
  A fire giant skeleton (Pan)
  An ice statue (Depths:5)
  18 vault sentinels
  25 naga magi
  A centaur zombie (D:15)
  3 molten gargoyles (Lair:6)
  2 stone giant skeletons (Pan)
  An apocalypse crab (Abyss:3)
  A storm dragon simulacrum (Vaults:1)
  The ghost of orehx the Cleaver, a novice MiBe of Trog (D:5)
  40 black mambas
  A water nymph (shapeshifter) (Vaults:5)
  20 orange demons (Pan)
  5 centaur skeletons
  A dire elephant skeleton (Pan)
  18 guardian serpents
  13 smoke demons (Pan)
  12 spiny frogs
  An eye of devastation (Pan)
  An iron troll zombie (Crypt:2)
  11 hellions (Pan)
  42 yaktaurs
  An anaconda simulacrum (Crypt:3)
  A swamp worm zombie (Crypt:3)
  16 demonic crawlers
  16 freezing wraiths
  10 komodo dragons
  A tormentor (Pan)
  A redback zombie (D:15)
  A rime drake (shapeshifter) (Vaults:5)
  7 hellwings
  4 efreet
  2 rime drakes (Lair:5)
  4 guardian mummies
  4 ice devils
  A green draconian skeleton (Crypt:1)
  2 ancient zymes
  2 tengu conjurers (Depths:2)
  A polar bear (shapeshifter) (Vaults:3)
  A hydra zombie (Crypt:3)
  7 trolls
  17 red devils
  A polar bear (D:13)
  18 tyrant leeches
  A tengu simulacrum (Vaults:1)
  11 hornets
  9 bog bodies
  2 hornets (shapeshifter)
  32 slime creatures
  8 blink frogs
  5 raiju
  A slime creature (shapeshifter) (Depths:3)
  3 blink frogs (shapeshifter)
  A raiju (shapeshifter) (Depths:3)
  10 hippogriffs
  14 flying skulls
  7 spriggans
  An ettin skeleton (Pan)
  Sigmund (D:3)
  A spriggan (shapeshifter) (Vaults:1)
  18 ynoxinuls (Pan)
  3 air elementals
  3 ice dragon skeletons
  2 fire dragon skeletons
  9 water elementals
  An alligator skeleton (Pan)
  6 shadows
  4 redbacks (Vaults:2)
  A vampire (D:9)
  51 yaks
  An elf simulacrum (Vaults:1)
  3 ushabtiu (Crypt:3)
  14 humans
  A redback (shapeshifter) (Depths:2)
  16 wraiths
  9 golden eyes (Pan)
  A catoblepas simulacrum (Crypt:3)
  2 fire elementals (Elf:3)
  A human simulacrum (Vaults:1)
  5 wyverns
  3 hungry ghosts
  7 basilisks
  20 chaos spawn (Pan)
  A wind drake skeleton (Crypt:3)
  55 large abominations
  3 steam dragons
  8 vampire mosquitoes
  34 neqoxecs
  8 small abominations
  A yaktaur simulacrum (Vaults:1)
  A monstrous demonspawn zombie (Crypt:2)
  A gelid demonspawn zombie (Crypt:3)
  16 wargs
  9 insubstantial wisps (Swamp:1)
  10 swamp worms
  2 acid dragons
  Duvessa (D:4)
  10 water moccasins
  41 nagas
  A soldier ant (D:12)
  A water nymph skeleton (Crypt:2)
  3 floating eyes (Pan)
  9 porcupines
  An infernal demonspawn skeleton (Crypt:3)
  6 hell hounds
  17 swamp drakes
  A gelid demonspawn skeleton (Crypt:1)
  A sky beast (shapeshifter) (Vaults:5)
  31 ogres
  40 orc warriors
  10 ice beasts
  2 black bears
  6 ettin simulacra
  A lindwurm zombie (Crypt:1)
  7 eyes of draining (Pan)
  7 sky beasts
  A hornet zombie (D:9)
  A phantom (D:7)
  3 wolves (Lair:4)
  3 necrophages
  15 centaurs
  2 boggarts
  15 crocodiles
  7 big kobolds
  A blink frog skeleton (Crypt:2)
  13 bullfrogs
  A cyclops zombie (Crypt:2)
  Dowan (D:4)
  8 scorpions
  A spriggan zombie (Crypt:3)
  A troll zombie (Crypt:3)
  18 killer bees
  7 wights
  A raiju skeleton (Crypt:3)
  3 howler monkeys
  An electric eel (Orc:1)
  A bullfrog zombie (D:7)
  8 crimson imps
  5 lava snakes (Lair:6)
  14 orc priests
  6 starcursed masses (Abyss:3)
  6 hounds
  5 jellies
  28 orc wizards
  3 bullfrog skeletons
  An iron imp (Depths:3)
  3 iguanas
  10 worker ants
  2 demigod skeletons (Crypt:2)
  A hound zombie (D:7)
  A naga skeleton (Pan)
  2 hound skeletons
  12 mummies (Crypt:3)
  2 howler monkey zombies
  A worker ant zombie (D:11)
  4 gnolls
  A howler monkey skeleton (D:5)
  15 adders
  A river rat (Sewer)
  7 shadow imps
  3 white imps
  An ufetubus (Depths:3)
  2 oozes
  3 adder skeletons
  An adder zombie (D:7)
  A halfling skeleton (Crypt:3)
  2 worms
  4 dart slugs
  6 leopard geckos
  90 orcs
  3 ball pythons
  4 bats
  3 giant cockroaches
  4 goblins
  8 hobgoblins
  20 jackals
  6 quokkas
  9 frilled lizards
  45 kobolds
  2 leopard gecko skeletons
  A quokka skeleton (D:7)
  A quokka zombie (D:9)
  17 rats
  4 briar patches (Swamp:3)
  A butterfly (Lair:2)
  7 crawling corpses
  A fire vortex (Pan)
  6 fungi
  A plant (Lair:6)
  A starspawn tentacle (Abyss:4)
2791 creatures vanquished.

Vanquished Creatures (others)
  A pandemonium lord (Pan)
  An ancient lich (Vaults:5)
  3 deep elf master archers (Elf:3)
  An eldritch tentacle (Pan)
  A tengu reaver (Crypt:2)
  2 fire giants (Depths:3)
  A vampire knight (Depths:3)
  A lorocyproca (Pan)
  An ettin (Depths:1)
  6 yaktaur captains
  A vault guard (D:13)
  A centaur warrior (Vaults:1)
  An ogre mage (Vaults:5)
  A thrashing horror (Abyss:5)
  An unseen horror (Vaults:1)
  2 deep elf archers
  A deep elf mage (Vaults:5)
  A cyclops (Vaults:2)
  A black mamba (Snake:4)
  An orange demon (Pan)
  16 yaktaurs
  A large abomination (Pan)
  A tyrant leech (Swamp:1)
  A spriggan (Swamp:3)
  A water elemental (Elf:3)
  A wraith (Depths:5)
  A ynoxinul (Pan)
  A chaos spawn (Pan)
  An orc warrior (Vaults:5)
  2 ogres
  3 centaurs
  2 orcs
  7 fungi
  24 plants
  5 starspawn tentacles (Abyss:4)
  2 withered plants (Snake:4)
98 creatures vanquished.

Grand Total: 2889 creatures vanquished

Notes
Turn   | Place    | Note
-------+----------+-------------------------------------------
     0 | D:1      | graymark the Demonspawn Gladiator began the quest for the
                  | Orb.
     0 | D:1      | Reached XP level 1. HP: 16/16 MP: 1/1
   255 | D:1      | Gained mutation: You are immune to rotting. [demonic
                  | ancestry]
   255 | D:1      | Reached XP level 2. HP: 22/22 MP: 2/2
   685 | D:1      | Gained mutation: You are partially covered in sharp spines.
                  | [demonic ancestry]
   685 | D:1      | Reached XP level 3. HP: 27/27 MP: 3/3
  1420 | D:2      | Found a faded altar of an unknown god.
  1444 | D:2      | Became a worshipper of Cheibriados the Contemplative
  1444 | D:2      | Reached * piety under Cheibriados
  1560 | D:2      | Reached XP level 4. HP: 31/33 MP: 4/4
  1783 | D:2      | Found a bloodstained altar of Trog.
  2154 | D:3      | Reached ** piety under Cheibriados
  2443 | D:3      | Noticed Sigmund
  2464 | D:3      | Killed Sigmund
  2464 | D:3      | Gained mutation: You are mostly covered in sharp spines.
                  | [demonic ancestry]
  2464 | D:3      | Reached XP level 5. HP: 10/38 MP: 0/5
  2464 | D:3      | Gained mutation: You may emit foul miasma when damaged in
                  | melee. [demonic ancestry]
  2464 | D:3      | Reached XP level 6. HP: 11/44 MP: 0/6
  2953 | D:4      | Noticed Duvessa
  2953 | D:4      | Noticed Dowan
  2965 | D:4      | Killed Duvessa
  3150 | D:4      | Killed Dowan
  3216 | D:4      | Reached *** piety under Cheibriados
  3246 | D:4      | Found a blossoming altar of Fedhas.
  3248 | D:4      | Found an ancient bone altar of Kikubaaqudgha.
  3263 | D:4      | Gained mutation: You are surrounded by a mild repulsion
                  | field. (EV +2) [demonic ancestry]
  3263 | D:4      | Reached XP level 7. HP: 50/50 MP: 7/7
  3265 | D:4      | Found a glowing drain.
  3275 | D:4      | Reached skill level 5 in Dodging
  3285 | D:4      | Reached skill level 5 in Axes
  3299 | Sewer    | Entered a sewer
  3494 | Sewer    | Found a white marble altar of Elyvilon.
  3672 | D:4      | Found a staircase to the Ecumenical Temple.
  3766 | D:5      | Entered Level 5 of the Dungeon
  3826 | D:5      | Reached **** piety under Cheibriados
  4007 | D:5      | Gained mutation: You have sharp toenails. [demonic
                  | ancestry]
  4007 | D:5      | Reached XP level 8. HP: 53/56 MP: 8/8
  4128 | D:5      | Reached skill level 1 in Invocations
  4241 | D:5      | Found a runed translucent door.
  4242 | D:5      | Noticed orehx's ghost (novice MiBe)
  4254 | D:5      | Killed orehx's ghost
  4654 | D:5      | Found a shimmering altar of Xom.
  5101 | D:6      | Found a radiant altar of Vehumet.
  5130 | D:6      | Reached skill level 5 in Armour
  5139 | D:6      | HP: 2/56 [orc warrior/+0 halberd (17)]
  5404 | D:6      | Gained mutation: You are completely covered in sharp
                  | spines. [demonic ancestry]
  5404 | D:6      | Reached XP level 9. HP: 58/61 MP: 12/12
  5701 | D:6      | Found a shimmering blue altar of Sif Muna.
  5712 | D:6      | Reached skill level 5 in Invocations
  6058 | D:7      | Reached ***** piety under Cheibriados
  6069 | D:7      | Found a burning altar of Makhleb.
  6074 | D:7      | Found a sacrificial altar of Ru.
  6078 | D:7      | Found a shimmering blue altar of Sif Muna.
  6080 | D:7      | Found an opulent altar of Gozag.
  7051 | D:8      | Reached XP level 10. HP: 62/67 MP: 15/15
  7480 | D:8      | Found Lius's Gadget Emporium.
  7569 | D:9      | Found Duyg's Antique Armour Shoppe.
  7569 | D:9      | Noticed a two-headed ogre
  7578 | D:9      | Killed a two-headed ogre
  8143 | D:9      | Found a shattered altar of Ashenzari.
  8284 | D:9      | Gained mutation: You frequently emit foul miasma when
                  | damaged in melee. [demonic ancestry]
  8284 | D:9      | Reached XP level 11. HP: 72/72 MP: 17/17
  8547 | D:10     | Entered Level 10 of the Dungeon
  8720 | D:10     | Found a staircase to the Orcish Mines.
  8725 | D:10     | Reached ****** piety under Cheibriados
  9031 | D:10     | Found a staircase to the Lair.
  9095 | D:10     | Noticed a two-headed ogre
  9102 | D:10     | Killed a two-headed ogre
  9541 | Orc:1    | Entered Level 1 of the Orcish Mines
  9553 | Orc:1    | Reached skill level 10 in Invocations
  9797 | Orc:1    | Noticed Jorgrun
  9797 | Orc:1    | Noticed an orc knight
  9811 | Orc:1    | Killed Jorgrun
  9814 | Orc:1    | Killed an orc knight
 10419 | Orc:2    | Entered Level 2 of the Orcish Mines
 10477 | Orc:2    | Noticed an orc knight
 10489 | Orc:1    | Noticed Maurice
 10491 | Orc:1    | Reached XP level 12. HP: 56/78 MP: 20/20
 10493 | Orc:1    | Paralysed by something for 7 turns
 10499 | Orc:1    | Reached skill level 10 in Axes
 10510 | Orc:1    | Killed Maurice
 10510 | Orc:1    | Reached skill level 10 in Dodging
 11337 | Orc:2    | Found Araxze Vofa's Jewellery Shoppe.
 11339 | Orc:2    | Paralysed by an orc sorcerer for 3 turns
 11381 | Orc:2    | Paralysed by an orc sorcerer for 6 turns
 11634 | D:11     | Noticed a seven-headed hydra
 11643 | D:11     | Killed a ten-headed hydra
 11948 | D:11     | Noticed Gastronok
 11971 | D:11     | Killed Gastronok
 12252 | D:11     | Noticed Erica
 12263 | D:11     | Killed Erica
 12263 | D:11     | Reached skill level 10 in Armour
 12543 | D:11     | Found a sacrificial altar of Ru.
 12671 | Lair:1   | Entered Level 1 of the Lair of Beasts
 14120 | Lair:2   | Found a staircase to the Snake Pit.
 14121 | Lair:2   | Noticed a six-headed hydra
 14125 | Lair:2   | Killed a six-headed hydra
 14137 | Lair:2   | Reached skill level 3 in Fighting
 14155 | Lair:2   | Noticed an eight-headed hydra
 14171 | Lair:1   | Reached XP level 13. HP: 39/86 MP: 22/22
 14470 | Lair:2   | Found a runed translucent gate.
 14470 | Lair:2   | Found a runed translucent gate.
 14470 | Lair:2   | Found a runed translucent gate.
 14472 | Lair:2   | Noticed Qucvyi Areg's ghost (journeyman DrTm)
 15225 | Lair:2   | Killed Qucvyi Areg's ghost
 15225 | Lair:2   | Reached skill level 4 in Fighting
 15909 | Lair:3   | Reached skill level 5 in Fighting
 17044 | Lair:4   | Found a staircase to the Swamp.
 17709 | Lair:4   | Reached skill level 6 in Fighting
 18482 | Lair:5   | Found a staircase to the Slime Pits.
 18485 | Lair:5   | Noticed Urug
 18537 | Lair:5   | Killed Urug
 18603 | Lair:5   | Reached XP level 14. HP: 86/101 MP: 23/23
 19053 | Lair:6   | Entered Level 6 of the Lair of Beasts
 19053 | Lair:6   | Noticed Rupert
 19060 | Lair:6   | Paralysed by Rupert for 3 turns
 19064 | Lair:6   | Killed Rupert
 19315 | Lair:6   | Noticed Sonja
 19321 | Lair:6   | Killed Sonja
 19321 | Lair:6   | Reached skill level 7 in Fighting
 19406 | Lair:6   | Got a pitted scale mail
 19958 | Lair:6   | Reached skill level 1 in Shields
 19983 | Lair:6   | Found a large runed translucent door.
 20276 | Lair:6   | Found a large runed translucent door.
 20336 | Lair:6   | Identified the cursed +1 scale mail of Satisfaction {rCorr
                  | Dex+2 Stlth-} (You found it on level 6 of the Lair of
                  | Beasts)
 20598 | Orc:2    | Paralysed by an orc sorcerer for 6 turns
 20622 | Orc:2    | Found a roughly hewn altar of Beogh.
 20628 | Orc:2    | Found a staircase to the Elven Halls.
 20629 | Orc:2    | Found Ilycivacs's Mass Market.
 20629 | Orc:2    | Noticed an orc warlord
 20749 | Orc:2    | Reached skill level 8 in Fighting
 20767 | Orc:1    | Killed an orc warlord
 21079 | Orc:2    | Found Puorch's Antique Armour Emporium.
 21307 | Orc:2    | Found Jaecs's Antique Weapon Shop.
 21502 | Orc:2    | Found Vochou Xeagi's General Store.
 21510 | Orc:2    | Bought a scroll of identify for 28 gold pieces
 21510 | Orc:2    | Bought a ration for 70 gold pieces
 21510 | Orc:2    | Bought a scroll of identify for 28 gold pieces
 21713 | Swamp:1  | Entered Level 1 of the Swamp
 21795 | Swamp:1  | Noticed Roxanne
 22006 | Swamp:1  | Reached skill level 9 in Fighting
 22142 | Swamp:1  | Killed Roxanne
 22142 | Swamp:1  | Reached skill level 5 in Shields
 22170 | Swamp:1  | Noticed Nikola
 22193 | Swamp:1  | Killed Nikola
 22193 | Swamp:1  | Gained mutation: You are surrounded by a moderate repulsion
                  | field. (EV +3) [demonic ancestry]
 22193 | Swamp:1  | Reached XP level 15. HP: 51/113 MP: 24/24
 22973 | Swamp:2  | Got a bloodstained broad axe
 22981 | Swamp:2  | Identified the +7 broad axe "Uluapirch" {freeze, rPois MR+
                  | Dex+5} (You found it on level 2 of the Swamp)
 23002 | Swamp:2  | Reached skill level 10 in Fighting
 24116 | Swamp:3  | Noticed a thorn hunter
 24125 | Swamp:3  | Killed a thorn hunter
 24525 | Swamp:4  | Entered Level 4 of the Swamp
 24594 | Swamp:4  | Noticed Flugslaktarn's ghost (journeyman MiMo)
 24723 | Swamp:4  | Reached skill level 11 in Fighting
 24823 | Swamp:4  | Noticed a thorn hunter
 24834 | Swamp:4  | Killed a thorn hunter
 24933 | Swamp:4  | Gained mutation: You have razor-sharp toenails. [demonic
                  | ancestry]
 24933 | Swamp:4  | Reached XP level 16. HP: 119/126 MP: 25/25
 24946 | Swamp:4  | Noticed Donald
 24960 | Swamp:4  | Killed Donald
 25000 | Swamp:4  | Found a runed translucent gate.
 25000 | Swamp:4  | Found a runed translucent gate.
 25001 | Swamp:4  | Found a runed translucent gate.
 25200 | Swamp:4  | Noticed the 27-headed Lernaean hydra
 25212 | Swamp:4  | Killed the 27-headed Lernaean hydra
 25276 | Swamp:4  | Reached skill level 12 in Fighting
 25388 | Swamp:4  | Got a decaying rune of Zot
 25798 | Snake:1  | Entered Level 1 of the Snake Pit
 26046 | Orc:2    | Bought the +1 cloak of Starlight {rElec rC+ EV+4 Stlth--}
                  | for 1335 gold pieces
 26046 | Orc:2    | Found the +1 cloak of Starlight {rElec rC+ EV+4 Stlth--}
 27302 | Snake:2  | Found Duhuk's General Store.
 27309 | Snake:2  | Bought a scroll of teleportation for 51 gold pieces
 27309 | Snake:2  | Bought a ration for 85 gold pieces
 27309 | Snake:2  | Bought a potion of curing for 51 gold pieces
 27309 | Snake:2  | Bought a scroll of summoning for 161 gold pieces
 27309 | Snake:2  | Bought a scroll of summoning for 161 gold pieces
 27387 | Snake:2  | Found Loykum's Gadget Boutique.
 27388 | Snake:2  | Found Beoqe's Jewellery Emporium.
 27389 | Snake:2  | Found Naesk's Gadget Boutique.
 27558 | Snake:2  | Gained mutation: You have claws for feet. [demonic
                  | ancestry]
 27558 | Snake:2  | Reached XP level 17. HP: 117/135 MP: 26/26
 27615 | Snake:2  | Reached skill level 10 in Shields
 28027 | Snake:3  | Reached skill level 13 in Fighting
 28330 | Snake:4  | Entered Level 4 of the Snake Pit
 28413 | Snake:4  | Reached skill level 15 in Armour
 28548 | Snake:4  | Identified the +5 glaive of Freehold {flame, +Inv rF+ MR-
                  | Int+3} (You found it on level 4 of the Snake Pit)
 28911 | Snake:4  | Found a runed translucent door.
 28911 | Snake:4  | Noticed mortelune's ghost (adept GrFE)
 29607 | Snake:4  | Reached XP level 18. HP: 141/145 MP: 27/27
 29641 | Snake:4  | Reached skill level 14 in Fighting
 29809 | Snake:4  | Got a serpentine rune of Zot
 30130 | D:12     | Noticed Nessos
 30145 | D:12     | Killed Nessos
 30770 | D:13     | Found a runed translucent door.
 30777 | D:13     | Noticed OceanMan's ghost (journeyman MiFi)
 30778 | D:13     | Identified the +4 spear "Adehe" {elec, rElec Dex+2 Stlth+}
 30822 | D:13     | Found Qintes's Distillery.
 30827 | D:13     | Bought 2 potions of curing for 90 gold pieces
 30827 | D:13     | Bought a potion of resistance for 150 gold pieces
 30827 | D:13     | Bought a potion of might for 60 gold pieces
 30827 | D:13     | Bought a potion of curing for 45 gold pieces
 30837 | D:13     | Found Lucank's Food Boutique.
 30847 | D:13     | Bought a ration for 60 gold pieces
 30847 | D:13     | Bought a ration for 60 gold pieces
 30847 | D:13     | Bought a ration for 60 gold pieces
 30847 | D:13     | Bought a ration for 60 gold pieces
 30847 | D:13     | Bought a ration for 60 gold pieces
 30847 | D:13     | Bought a ration for 60 gold pieces
 30847 | D:13     | Bought a ration for 60 gold pieces
 30847 | D:13     | Bought a ration for 60 gold pieces
 30847 | D:13     | Bought a ration for 60 gold pieces
 31148 | D:13     | Found Ukucoi Anyoc's Magic Scroll Boutique.
 31198 | D:13     | Found a gate to the Vaults.
 31211 | D:13     | Identified the +6 broad axe of Indomitability {venom, rElec
                  | Str+8 Int+4 Dex-4} (You found it on level 13 of the
                  | Dungeon)
 31311 | D:13     | Noticed Snorg
 31322 | D:13     | Killed Snorg
 31459 | D:13     | Found Ihoih's Antique Weapon Boutique.
 31619 | D:13     | Killed OceanMan's ghost
 31720 | D:14     | Found Joiz's Magic Scroll Boutique.
 31745 | D:14     | Bought a scroll of blinking for 112 gold pieces
 31745 | D:14     | Bought 2 scrolls of identify for 60 gold pieces
 31745 | D:14     | Bought a scroll of teleportation for 45 gold pieces
 32376 | D:15     | Entered Level 15 of the Dungeon
 32682 | D:15     | Found Hiyv's Book Shoppe.
 32700 | D:15     | Found a staircase to the Depths.
 33216 | Elf:1    | Entered Level 1 of the Elven Halls
 33518 | Elf:1    | Noticed Asterion
 33533 | Elf:1    | Killed Asterion
 33533 | Elf:1    | Reached XP level 19. HP: 154/154 MP: 24/28
 33568 | Elf:1    | Identified Pyogy's Tome of Conjuration
 33731 | Elf:1    | Found Zoilio Xinn's Gadget Boutique.
 33850 | Elf:1    | Identified a scroll of acquirement
 34103 | Elf:2    | Reached skill level 15 in Fighting
 34124 | Elf:2    | Found a runed translucent gate.
 34124 | Elf:2    | Found a runed translucent gate.
 34125 | Elf:2    | Found a runed translucent gate.
 34566 | Elf:3    | Entered Level 3 of the Elven Halls
 34961 | Elf:3    | Cast into level 3 of the Abyss (a deep elf sorcerer)
 34982 | Abyss:3  | Gained mutation: You are dopey. (Int -2) [a shining eye]
 34982 | Abyss:3  | Gained mutation: Scrolls take you a little longer to read.
                  | [a shining eye]
 34985 | Abyss:3  | Gained mutation: You occasionally shout uncontrollably at
                  | your foes. [a shining eye]
 35064 | Abyss:3  | Reached skill level 15 in Shields
 35094 | Abyss:3  | Paralysed by you for 3 turns
 35107 | Abyss:3  | Noticed a bone dragon
 35111 | Abyss:4  | Found a corrupted altar of Lugonu.
 35147 | Abyss:4  | Gained mutation: You tend to lose your temper in combat. [a
                  | neqoxec]
 35147 | Abyss:4  | Gained mutation: Scrolls take you much longer to read. [a
                  | neqoxec]
 35204 | Abyss:5  | Entered Level 5 of the Abyss
 35221 | Abyss:5  | Found a corrupted altar of Lugonu.
 35274 | Elf:3    | Escaped the Abyss
 35284 | Elf:3    | Identified the +9 dagger of Trauma {flame, rElec}
 35372 | Elf:3    | Identified the cursed +3 quick blade "Demonbane" {protect,
                  | -Tele Str+2 Dex+2}
 35959 | Elf:3    | Identified the +6 morningstar of the Skies Above {flame,
                  | Dex+3}
 36351 | Elf:3    | Gained mutation: You are surrounded by a strong repulsion
                  | field. (EV +4, RMsl) [demonic ancestry]
 36351 | Elf:3    | Reached XP level 20. HP: 145/164 MP: 29/29
 36704 | Elf:3    | Reached skill level 16 in Fighting
 36863 | Elf:3    | Identified the Incunabulum of the Displaced Birds
 36869 | Elf:3    | Identified the Handbook of the Igneous Traveller
 37172 | Vaults:1 | Entered Level 1 of the Vaults
 37274 | Vaults:1 | Found a flickering gateway to a bazaar.
 37293 | Bazaar   | Entered a bazaar
 37296 | Bazaar   | Found Ruiqa's Distillery.
 37307 | Bazaar   | Found Lytreg's Distillery.
 37311 | Bazaar   | Found Emitziomm's Assorted Antiques.
 37318 | Bazaar   | Found Vugen's Magic Scroll Shoppe.
 37342 | Bazaar   | Found Sibito Siudgh's Weapon Shop.
 37364 | Bazaar   | Bought 2 potions of might for 144 gold pieces
 37364 | Bazaar   | Bought a potion of curing for 54 gold pieces
 37364 | Bazaar   | Bought a potion of magic for 144 gold pieces
 37364 | Bazaar   | Bought a potion of resistance for 180 gold pieces
 37364 | Bazaar   | Bought a potion of invisibility for 144 gold pieces
 37364 | Bazaar   | Bought a potion of curing for 54 gold pieces
 37375 | Bazaar   | Bought 2 potions of invisibility for 128 gold pieces
 37375 | Bazaar   | Bought a potion of heal wounds for 40 gold pieces
 37375 | Bazaar   | Bought 2 potions of curing for 48 gold pieces
 37375 | Bazaar   | Bought a potion of curing for 24 gold pieces
 37380 | Bazaar   | Bought a scroll of magic mapping for 66 gold pieces
 37380 | Bazaar   | Bought a scroll of teleportation for 57 gold pieces
 37385 | Bazaar   | Bought a scroll of magic mapping for 38 gold pieces
 37385 | Bazaar   | Bought a scroll of teleportation for 33 gold pieces
 37403 | Bazaar   | Bought a potion of agility for 72 gold pieces
 37419 | Bazaar   | Bought a potion of curing for 57 gold pieces
 37837 | Vaults:1 | Found a runed translucent gate.
 37837 | Vaults:1 | Found a runed translucent gate.
 37837 | Vaults:1 | Found a runed translucent gate.
 37838 | Vaults:1 | Noticed hyperkahler's ghost (veteran MiFi)
 38623 | Vaults:1 | Killed hyperkahler's ghost
 38800 | Vaults:2 | Found the +7 lajatang of Order {silver, rMut}
 39057 | Vaults:2 | Found Gubodghou's Jewellery Emporium.
 39192 | Vaults:2 | Found Mum Faor's General Store.
 39399 | Vaults:2 | Reached skill level 17 in Fighting
 39624 | Vaults:2 | Found Femm's Food Shoppe.
 39783 | Vaults:2 | Gained mutation: Your flesh is heat resistant. (rF+)
                  | [demonic ancestry]
 39783 | Vaults:2 | Reached XP level 21. HP: 174/174 MP: 30/30
 39903 | Vaults:2 | Found Ebenemim's Antique Armour Shop.
 40057 | Vaults:3 | You fall into a shaft and drop 1 floor!
 40151 | Vaults:4 | Noticed Mara
 40164 | Vaults:4 | Noticed graymark's illusion
 40407 | Vaults:4 | Noticed graymark's illusion
 40737 | Vaults:4 | Noticed graymark's illusion
 40756 | Vaults:4 | Killed Mara
 40763 | Vaults:4 | Upgraded the game from 0.24.0-123-gd5b16e6ec5 to
                  | 0.24.1-8-ga250c9d538
 41527 | Vaults:4 | Found Teas's Weapon Emporium.
 41900 | Vaults:4 | Reached skill level 15 in Axes
 41901 | Vaults:4 | Found Dadurch's Magic Scroll Emporium.
 42167 | Vaults:5 | Entered Level 5 of the Vaults
 42173 | Vaults:5 | Noticed an ancient lich
 42175 | Vaults:5 | Reached skill level 18 in Fighting
 42547 | Vaults:4 | Gained mutation: You are immune to clouds of flame.
                  | [demonic ancestry]
 42547 | Vaults:4 | Reached XP level 22. HP: 149/184 MP: 31/31
 42745 | Vaults:5 | Noticed an ancient lich
 42760 | Vaults:5 | Paralysed by an ancient lich for 6 turns
 42771 | Vaults:5 | Noticed an ancient lich
 42775 | Vaults:5 | Killed an ancient lich
 42790 | Vaults:5 | Killed an ancient lich
 42908 | Vaults:5 | Noticed an ancient lich
 42920 | Vaults:5 | Killed an ancient lich
 42977 | Vaults:5 | Reached skill level 19 in Fighting
 42987 | Vaults:5 | Killed an ancient lich
 43017 | Vaults:5 | Identified the +12 great mace "Faucutak" {vamp, *Drain
                  | rElec Str+6}
 43047 | Vaults:5 | Noticed a golden dragon
 43063 | Vaults:5 | Killed a golden dragon
 43529 | Vaults:5 | Identified the +6 scale mail "Batevul" {Slay+2}
 43540 | Vaults:5 | Reached XP level 23. HP: 140/194 MP: 32/32
 43831 | Vaults:5 | Got a silver rune of Zot
 43869 | Vaults:5 | Got a vibrating ivory amulet
 43872 | Vaults:5 | Identified the amulet "Xatyrois" {Acrobat rPois rF- Slay+5
                  | Stlth-} (You acquired it on level 5 of the Vaults)
 44012 | Vaults:5 | Found the +7 Singing Sword {slice, sonic wave}
 44563 | Vaults:3 | Noticed Frederick
 44584 | Vaults:3 | Killed Frederick
 44712 | Vaults:3 | Reached skill level 15 in Dodging
 44817 | Vaults:3 | Identified the cursed +0 ring mail of Beyond {Regen+ Int+2
                  | Dex+3 Stlth+} (You found it on level 3 of the Vaults)
 44828 | Vaults:3 | Noticed Aizul
 44838 | Vaults:3 | Killed Aizul
 44904 | Vaults:3 | Found a staircase to the Crypt.
 45177 | Vaults:3 | Identified the +4 hunting sling of Tithrim {venom, -Tele
                  | +Inv SInv} (You found it on level 3 of the Vaults)
 45559 | Vaults:3 | Reached skill level 20 in Fighting
 45751 | Crypt:1  | Entered Level 1 of the Crypt
 47170 | Crypt:2  | Found the +7 pair of quick blades "Gyre" and "Gimble"
                  | {protect}
 47290 | Crypt:2  | Noticed Sojobo
 47311 | Crypt:2  | Killed Sojobo
 47696 | Crypt:2  | Reached XP level 24. HP: 205/205 MP: 32/32
 47838 | Crypt:3  | Entered Level 3 of the Crypt
 48868 | Crypt:3  | Noticed Bai Suzhen
 48882 | Crypt:3  | Killed Bai Suzhen
 48980 | Crypt:3  | Found a staircase to the Tomb.
 49168 | Crypt:3  | Reached skill level 21 in Fighting
 50090 | Crypt:3  | Found an ancient bone altar of Kikubaaqudgha.
 50096 | Crypt:3  | Found a basalt altar of Yredelemnul.
 50157 | Crypt:3  | Identified the Volume of the Evil Glacier
 50575 | Depths:1 | Entered Level 1 of the Depths
 50635 | Depths:1 | Found a one-way gate leading to the halls of Pandemonium.
 50637 | Depths:1 | Found a gateway to a ziggurat.
 50714 | Depths:1 | Found a shattered altar of Ashenzari.
 51052 | Depths:1 | Found a gateway to Hell.
 52038 | Depths:2 | Noticed an ancient lich
 52040 | Depths:2 | Noticed Kyseoqev's ghost (adept TrMo)
 52044 | Depths:2 | Found a transporter.
 52308 | Depths:2 | Found a transporter.
 52321 | Depths:2 | Gained mutation: You can hurl damnation. [demonic ancestry]
 52321 | Depths:2 | Reached XP level 25. HP: 215/215 MP: 32/32
 52583 | Depths:3 | Identified the +1 robe "Cihenas" {MR+} (You found it on
                  | level 3 of the Depths)
 52676 | Depths:3 | Found Pyhumi's Distillery.
 52686 | Depths:3 | Bought a potion of resistance for 120 gold pieces
 52686 | Depths:3 | Bought a potion of mutation for 96 gold pieces
 52686 | Depths:3 | Bought a potion of might for 48 gold pieces
 52686 | Depths:3 | Bought a potion of curing for 36 gold pieces
 52686 | Depths:3 | Bought a potion of heal wounds for 60 gold pieces
 52686 | Depths:3 | Bought a potion of heal wounds for 60 gold pieces
 52686 | Depths:3 | Bought a potion of agility for 48 gold pieces
 52974 | Depths:3 | Gained mutation: Scrolls take you much longer to read. [a
                  | neqoxec]
 53005 | Depths:3 | Noticed a juggernaut
 53023 | Depths:3 | Killed a juggernaut
 53097 | Depths:3 | Noticed Xtahua
 53101 | Depths:3 | Killed Xtahua
 53603 | Depths:4 | Reached skill level 22 in Fighting
 54182 | Depths:4 | Found a one-way gate to the infinite horrors of the Abyss.
 54845 | Depths:5 | Entered Level 5 of the Depths
 55024 | Depths:5 | Found a bloodstained altar of Trog.
 55368 | Depths:5 | Reached XP level 26. HP: 163/226 MP: 32/32
 55440 | Depths:5 | Found a white marble altar of Elyvilon.
 55456 | Depths:5 | Identified the +9 morningstar of Causality {crush, rElec
                  | rF+++ rC++ Str-3} (You found it on level 5 of the Depths)
 55529 | Depths:5 | Found a burning altar of Makhleb.
 55644 | Depths:5 | Found a basalt altar of Yredelemnul.
 56040 | Depths:5 | Reached skill level 23 in Fighting
 56052 | Depths:5 | Found a gate to the Realm of Zot.
 56222 | Pan      | Entered Pandemonium
 56235 | Pan      | Reached skill level 1 in Staves
 56373 | Pan      | Gained mutation: Your magical capacity is extremely low.
                  | (-30% MP) [a cacodemon]
 56589 | Pan      | Found a runed translucent door.
 56589 | Pan      | Noticed Kuosyat the pandemonium lord
 56956 | Pan      | Reached skill level 5 in Staves
 56970 | Pan      | Killed Kuosyat the pandemonium lord
 58854 | Pan      | Reached skill level 10 in Staves
 58942 | Pan      | Got a demonic rune of Zot
 59106 | Pan      | Noticed Ehexa the pandemonium lord
 59110 | Pan      | Reached XP level 27. HP: 204/235 MP: 29/29
 59145 | Pan      | Killed Ehexa the pandemonium lord
 59311 | Pan      | Reached skill level 1 in Evocations
 59317 | Pan      | Reached skill level 1 in Spellcasting
 59433 | Pan      | Paralysed by accursed screaming for 1 turns
 59749 | Pan      | Noticed Urygurat the pandemonium lord
 59773 | Pan      | Killed Urygurat the pandemonium lord
 59776 | Pan      | Identified the +3 halberd of Propriety {protect, MP+9
                  | Dex+4}
 59781 | Pan      | Gained mutation: Your body sometimes deteriorates upon
                  | taking damage. [a cacodemon]
 60907 | Pan      | Reached skill level 5 in Evocations
 60919 | Pan      | Paralysed by accursed screaming for 1 turns
 61083 | Pan      | Gained mutation: You sometimes yell uncontrollably at your
                  | foes. [a neqoxec]
 61249 | Pan      | Found an exit through the horrors of the Abyss.
 61262 | Pan      | Reached skill level 5 in Spellcasting
 61411 | Pan      | Noticed Sinlepia the pandemonium lord
 61412 | Pan      | Gained mutation: You are clumsy. (Dex -2) [a cacodemon]
 61419 | Pan      | Killed Sinlepia the pandemonium lord
 61432 | Pan      | Gained mutation: Potions are less effective at restoring
                  | your health. [a cacodemon]
 61625 | Pan      | Noticed Cinleu Latzi the pandemonium lord
 61909 | Pan      | Gained mutation: Armour fits poorly on your strangely
                  | shaped body. [a neqoxec]
 62332 | Pan      | Found an exit through the horrors of the Abyss.
 62957 | Pan      | Entered the realm of Gloorx Vloq.
 63770 | Pan      | Reached skill level 10 in Evocations
 63774 | Pan      | Learned a level 2 spell: Song of Slaying
 63778 | Pan      | Learned a level 3 spell: Regeneration
 64591 | Pan      | Noticed Gloorx Vloq
 64601 | Pan      | Killed Gloorx Vloq
 64601 | Pan      | Reached skill level 10 in Spellcasting
 65060 | Pan      | Got a dark rune of Zot
 65477 | Pan      | Entered the realm of Mnoleg.
 65482 | Pan      | Noticed Mnoleg
 65490 | Pan      | Killed Mnoleg
 65491 | Pan      | Gained mutation: You are weak. (Str -2) [a cacodemon]
 65501 | Pan      | Gained mutation: Your body often deteriorates upon taking
                  | damage. [a cacodemon]
 65554 | Pan      | Gained mutation: You do not regenerate when monsters are
                  | visible. [a neqoxec]
 65631 | Pan      | Gained mutation: You are very weak. (Str -4) [a neqoxec]
 65637 | Pan      | Gained mutation: You are very dopey. (Int -4) [a cacodemon]
 65647 | Pan      | Paralysed by a floating eye for 3 turns
 65696 | Pan      | Identified Zounan's Collected Works on Lightness and the
                  | Mountains
 65900 | Pan      | Got a glowing rune of Zot
 65997 | Pan      | Found an exit through the horrors of the Abyss.
 66167 | Pan      | Lost mutation: You tend to lose your temper in combat. [a
                  | neqoxec]
 66170 | Pan      | Gained mutation: You tend to lose your temper in combat. [a
                  | neqoxec]
 66347 | Pan      | Gained mutation: You often lose your temper in combat. [a
                  | neqoxec]
 66659 | Pan      | Paralysed by a floating eye for 2 turns
 66987 | Pan      | Entered the realm of Cerebov.
 67018 | Pan      | Upgraded the game from 0.24.1-8-ga250c9d538 to
                  | 0.24.1-14-gf8d2b509d9
 67055 | Pan      | Identified the +6 sword of Cerebov {flame}
 67055 | Pan      | Noticed Cerebov
 67072 | Pan      | Identified the +6 broad axe "Edirunn" {speed, rF++ Str+2
                  | Int-4}
 67079 | Pan      | HP: 10/235 [balrug/fireball (2)]
 67252 | Pan      | Killed from afar by a Brimstone Fiend

Levels and vault maps discovered:
D:1:      sevenhm_arrival_forest_fort_large_4, layout_loops_corners,
          serial_forest, infiniplex_forest_end_2, infiniplex_forest_corner_1,
          infiniplex_forest_clump_small, infiniplex_forest_pool,
          infiniplex_forest_3_way, infiniplex_forest_straight_3,
          infiniplex_forest_straight_2, chequers_hall_statues_corner_a
D:2:      layout_loops_cross, lightli_temple_of_fire, first_ration,
          chequers_ecumenical_altar_simple
D:3:      layout_loops_ring, uniq_sigmund
D:4:      layout_rooms, grunt_temple_overflow_growth_and_decay,
          minmay_temple_entry_statues_fountains, gup_sewer_entry_glass,
          uniq_duvessa
D:5:      layout_basic, kennysheep_mini, ebering_ghost_inner_flame
D:6:      kennysheep_orc_sif_temple, layout_basic, lemuel_doored_altar,
          hangedman_decor_lopped
D:7:      layout_basic, grunt_temple_overflow_open
D:8:      layout_rooms, serial_shops, kennysheep_mini_moat, minmay_ruffians
D:9:      layout_gridville, nicolae_overflow_crystal_walls, serial_shops, shop
D:10:     layout_cave_pods, lair_entry_dummy, erik_orc_4
D:11:     layout_rooms, basic_altar, uniq_erica, uniq_gastronok
D:12:     layout_basic, uniq_nessos
D:13:     layout_loops_cross, ximxim_vaults_locker_room,
          ebering_ghost_funeral_grove, serial_shops, shop_scrolls,
          kennysheep_little_box, shop, nicolae_shop_crystal, uniq_snorg
D:14:     hangedman_arrow_trap, layout_irregular_city, serial_shops,
          nicolae_shop_trees
D:15:     gammafunk_depths_entry_grave, layout_cave_pools, serial_shops, shop,
          hangedman_abyss_or_decor_lesser_grid, minivault_5
Lair:1:   layout_layer_cave, grunt_megastairs_2, lemuel_fruit_fields
Lair:2:   layout_roguey, minmay_snake_entry_guardpost_small,
          gammafunk_ghost_hydra_chop
Lair:3:   layout_hall_layers, serial_bayou_pond_b,
          chequers_serial_rivers_micro_d
Lair:4:   layout_gridlike, swamp_mist_pool
Lair:5:   layout_roguey, slime_dummy, bobbens_ice_dragon_lair, uniq_urug
Lair:6:   cheibrodos_lair_end_hotspot, layout_loops_ring,
          nicolae_lair_grove_arrangements, serial_bayou_shore_b, uniq_rupert,
          uniq_sonja
Swamp:1:  layout_basic_swamp, hangedman_swamp_ruin_hall, swamp_pool1,
          uniq_roxanne, uniq_nikola
Swamp:2:  layout_basic_swamp, serial_swamp_ruin, evilmike_swamp_ruin_rubble_1,
          evilmike_swamp_ruin_house_5
Swamp:3:  layout_falls_marsh, infiniplex_staircase_pool
Swamp:4:  swamp_old_school, layout_basic_swamp, gammafunk_ghost_split,
          nicolae_swamp_alligator_family, uniq_donald
Snake:1:  layout_layer_cave, nrook_loot_triangle
Snake:2:  layout_onion, serial_shops, shop, drop_trap, minmay_shop_grove,
          grunt_megastairs_4
Snake:3:  layout_rooms, st_stairs_13, nicolae_snake_serpentine_hallways
Snake:4:  grunt_snake_rune_serpentine_throne, layout_cave_town,
          gammafunk_ghost_grave, grunt_ministairs_15,
          hangedman_snake_corridor_cut
Orc:1:    layout_diamond_mine, nooodl_orcs_dogs, uniq_jorgrun, uniq_maurice
Orc:2:    grunt_orc_gardens, layout_caves, grunt_orc_garden, grunt_orc_garden,
          grunt_orc_garden, grunt_orc_garden, basic_altar, minmay_shop_mass
Elf:1:    eino_elf_arrival_customs, layout_loops_cross, serial_shops,
          nicolae_shop_competitors_out_of_business, minmay_elf_annihilation,
          library_closet, uniq_asterion
Elf:2:    layout_geoelf_octagon, grunt_ministairs_7, st_stairs_10, minivault_25
Elf:3:    minmay_elf_hall_hex, layout_geoelf_diagonals
Vaults:1: gammafunk_vaults_ghost_necromancy, ontoclasm_vaults_decontamination,
          vaults_room_pools, v_alt_pattern_3, nicolae_vaults_alarming,
          vaults_room_fours, layout_vaults_omnigrid, serial_shops,
          bzr_entry_safe
Vaults:2: nicolae_vaults_twisting_passages, vaults_room_large_hall,
          grunt_vaults_funnel, vaults_room_boxed, v_misc_12,
          hangedman_vaults_stretched_pinwheel, v_misc_30,
          ontoclasm_vaults_gateway, nicolae_vaults_asterisk,
          nicolae_vaults_ninety_degrees, vaults_room_hallway, st_lines,
          ontoclasm_vaults_pinch, nicolae_vaults_rhombus_7, layout_vaults_ring,
          serial_shops, shop_statue, shop_fountains, nicolae_shop_trees, shop
Vaults:3: nicolae_vaults_sealed_display, nicolae_vaults_network_barrier,
          vaults_dpeg_hooks, grunt_vaults_twisty,
          nicolae_vaults_windows_and_doors_thing,
          nicolae_vaults_little_squares_2, v_misc_10,
          minmay_crypt_entry_simple_sparse, v_pattern_5,
          nicolae_vaults_big_angled_halls, vaults_dpeg_diagonal,
          nicolae_vaults_rhombus_7, nicolae_vaults_asterisk,
          nicolae_vaults_hallways_thing, layout_vaults_maze_bifur, uniq_aizul,
          uniq_frederick
Vaults:4: vaults_room_octagon, v_misc_32, hangedman_vaults_maws,
          nicolae_vaults_little_squares_6, v_alt_pattern_2,
          nicolae_vaults_network_star, v_rooms_4, nicolae_vaults_theta,
          nicolae_vaults_little_ls, v_alt_pattern_4, dpeg_vaults_monster_box,
          layout_vaults_omnicross, serial_shops, shop, uniq_mara
Vaults:5
Crypt:1:  layout_catacombs, serial_glass, glass_columns_b, glass_columns_a,
          due_unseen_surprise, feat_on_display, minmay_strange_pillars
Crypt:2:  layout_basic, uniq_sojobo
Crypt:3:  lightli_unholy_cathedral, layout_chaotic_city,
          nicolae_tomb_entry_unfolded_pyramid_diagonal,
          infiniplex_enter_wizlab_water, minmay_misc_feat_five, uniq_bai_suzhen
Depths:1: layout_gridlike, enter_ziggurat_d, pan_entry,
          grunt_hell_entry_dis_grunt, kennysheep_big_empty_room,
          evilmike_ruin_ashenzari
Depths:2: kennysheep_blocky_room, layout_gridlike,
          minmay_staircase_windowed_large, pf_hell_entry_tar_spiral,
          gammafunk_ghost_mausoleum, lightli_minifort, serial_bayou_shore_a
Depths:3: kennysheep_water_balloons, layout_twisted_cross, pf_coc_iceberg,
          serial_shops, nicolae_shop_stone, grunt_pan_entry_zigzag, uniq_xtahua
Depths:4: minmay_bloctagon, layout_basic, lightli_too_deep, abyss_entry,
          kennysheep_cross_room, hangedman_decor_diamond_cutter, firewood_loft,
          infiniplex_staircase_squiggle
Depths:5: grunt_profane_halls [grunt_profane_temple_coc,
          grunt_profane_temple_dis, grunt_profane_temple_geh,
          grunt_profane_temple_tar, grunt_zot_portal], hell_entry
Pan:      rand_demon_9, layout_irregular_city, regret_index_pan_draining_boxed,
          layout_irregular_city, nicolae_pan_hourglass, layout_gridville,
          evilmike_mini_pan_thingy, layout_gridville, evilmike_holy_pan,
          evilmike_mini_pan_possible_glass, layout_grid_shapes,
          reaverb_pan_squares, evilmike_mini_pan_corner, layout_chambers,
          rand_demon_9, layout_gridlike, nicolae_pan_mnolegish_2,
          nicolae_pan_strange_glyphs [nicolae_pan_strange_glyph_melancholia,
          nicolae_pan_strange_glyph_worry, nicolae_pan_strange_glyph_spite,
          nicolae_pan_strange_glyph_fear], lemuel_hellion_island,
          layout_pan_divisions_b [pan_division_quadrant_b3,
          pan_division_quadrant_b4, pan_division_quadrant_b4,
          pan_division_quadrant_b4], grunt_pan_zigzag, layout_basic,
          lemuel_hall_of_pain, layout_grid_shapes, gloorx_vloq_st,
          layout_stronghold, mnoleg_grunt_wretched_star, layout_basic,
          cerebov_grunt, layout_gridville

Skill      XL: |  1  2  3  4  5  6  7  8  9 10 11 12 13 14 15 16 17 18 19 20 21 22 23 24 25 26 27 |
---------------+----------------------------------------------------------------------------------+-----
Axes           | 3 4 5 6 7 8 9 11 12 13 14 15 16 17 18 20 | 20.4
Dodging        | 3 4 5 6 7 8 9 10 11 13 14 16 17 18 19 | 19.0
Armour         | 2 3 4 5 6 7 9 10 11 12 13 14 15 16 17 18 | 18.1
Invocations    | 4 7 9 11 12 13 | 13.0
Fighting       | 3 6 9 11 12 13 14 15 17 18 19 20 21 22 23 | 23.0
Shields        | 5 6 9 12 14 16 18 | 18.4
Staves         | 11 | 11.8
Evocations     | 13 | 13.4
Spellcasting   | 12 | 12.4
Throwing       | |  1.7

Action                   |  1- 3 |  4- 6 |  7- 9 | 10-12 | 13-15 | 16-18 | 19-21 | 22-24 | 25-27 || total
-------------------------+-------+-------+-------+-------+-------+-------+-------+-------+-------++-------
Melee: War axe           |    97 |   110 |   185 |       |       |       |       |       |       ||   392
       Kick              |       |       |    69 |   181 |   476 |   601 |   607 |   790 |  1404 ||  4128
       Broad axe         |       |       |    16 |   202 |   664 |   999 |  1022 |  1242 |  2323 ||  6468
       Battleaxe         |       |       |     9 |   153 |       |       |       |       |       ||   162
       Morningstar       |       |       |       |       |   146 |    65 |       |    11 |       ||   222
Throw: Javelin           |       |       |       |       |     1 |       |       |       |       ||     1
 Cast: Song of Slaying   |       |       |       |       |       |       |       |       |     1 ||     1
Invok: Slouch            |       |       |     3 |    10 |     5 |     5 |     4 |     7 |    14 ||    48
       Temporal Distorti |       |       |       |     2 |       |       |       |       |     1 ||     3
       Step From Time    |       |       |       |     1 |       |       |     1 |       |     2 ||     4
 Abil: Hurl Damnation    |       |       |       |       |       |       |       |       |     1 ||     1
Evoke: Wand              |       |       |       |     8 |    11 |       |     1 |       |    30 ||    50
       Phial of floods   |       |       |       |       |       |       |     1 |     1 |       ||     2
       Lightning rod     |       |       |       |       |       |       |       |       |     1 ||     1
  Use: Scroll            |     1 |     5 |     1 |    19 |    22 |     9 |    14 |    17 |    14 ||   102
       Potion            |       |     2 |     3 |     4 |     7 |     2 |     7 |    23 |     8 ||    56
 Stab: Sleeping          |     3 |       |       |       |       |       |       |       |       ||     3
       Paralysed         |       |       |       |     4 |     3 |       |       |       |       ||     7
       Confused          |       |       |       |       |     3 |     2 |       |       |       ||     5
       Distracted        |       |       |       |       |       |     1 |     5 |     2 |       ||     8
  Eat: Chunk             |     2 |     3 |     3 |    10 |    13 |    16 |    11 |     4 |     5 ||    67
       Ration            |       |       |     2 |     1 |     2 |     1 |     3 |     4 |     8 ||    21
Armor: Leather armour    |    29 |       |       |       |       |       |       |       |       ||    29
       Chain mail        |     8 |    50 |    45 |       |       |       |       |       |       ||   103
       Skin              |       |     4 |       |       |       |       |       |       |       ||     4
       Plate armour      |       |       |    31 |   145 |   344 |   367 |   183 |   231 |   378 ||  1679
Dodge: Dodged            |    72 |    37 |   166 |   374 |   778 |   948 |   688 |   809 |  1733 ||  5605
       Deflected         |       |       |       |       |       |       |    28 |    22 |    23 ||    73
Block: Buckler           |       |       |       |       |   219 |     8 |       |       |       ||   227
       Shield            |       |       |       |       |       |  1015 |   988 |  1217 |  2223 ||  5443
       Reflection        |       |       |       |       |       |       |   109 |    87 |    44 ||   240
